Kradschützen Motorcycle Team
Construct Light Support Kompanie
Panzerjäger Mechanized Group
Construct Mechanized Kompanie
254 Reconnaissance Tractor
Marder III Tank Destroyer
Marder III Tank Destroyer
Selects Armored Support Battlegroup
Selects Superior Fire Drills
Selects Flammpanzer III Medium Tank
254 Reconnaissance Tractor
254 Reconnaissance Tractor
254 Reconnaissance Tractor
Selects Command Panzer IV F Medium Tank
Selects Stuka Anti-tank Loiter
Marder III Tank Destroyer